 Dungeon Crawl Stone Soup version 0.23.2-1-ga50397a6bc (webtiles) character file.

Game seed: 5649092997619471843

93 Mrkan the Poker (level 4, -2/34 HPs)
             Began as a Demonspawn Gladiator on May 14, 2019.
             Slain by a goblin (6 damage)
             ... led by Robin
             ... on level 2 of the Dungeon.
             The game lasted 00:04:50 (1178 turns).

Mrkan the Poker (Demonspawn Gladiator)              Turns: 1178, Time: 00:04:50

Health: -2/34      AC:  3    Str: 15    XL:     4   Next: 36%
Magic:  4/4        EV: 12    Int: 10    God:
Gold:   73         SH:  0    Dex: 14    Spells: 3/3 levels left

rFire    . . .     SeeInvis .   a - +0 trident
rCold    . . .     Gourm    .   (no shield)
rNeg     . . .     Faith    .   b - +0 leather armour
rPois    .         Spirit   .   (helmet restricted)
rElec    .         Reflect  .   (no cloak)
rCorr    .         Harm     .   (no gloves)
MR       .....                  (no boots)
Stlth    ++........             (no amulet)
HPRegen  0.11/turn              (no ring)
MPRegen  0.09/turn              (no ring)

@: no status effects
A: horns 1, nightstalker 1
a: no special abilities


You were on level 2 of the Dungeon.
You were very hungry.

You visited 1 branch of the dungeon, and saw 2 of its levels.

You collected 73 gold pieces.

Inventory:

Hand Weapons
 a - a +0 trident (weapon)
Missiles
 d - 3 throwing nets (quivered)
Armour
 b - a +0 leather armour (worn)
 c - a +0 helmet
Scrolls
 e - a scroll of identify {unknown}
 h - 3 scrolls of enchant armour {unknown}
 i - a scroll of enchant weapon {unknown}
 l - a scroll of remove curse {unknown}
 m - a scroll of teleportation {unknown}
Potions
 g - a potion of might {unknown}
 j - a potion of curing {unknown}
 k - a potion of brilliance {unknown}
 n - a potion of degeneration {unknown}
Comestibles
 f - 4 rations


   Skills:
 * Level 2.4 Fighting
 * Level 4.2 Polearms
 - Level 1.7 Throwing
 + Level 0.6 Armour
 - Level 2.6 Dodging
 + Level 0.9 Stealth


You had 3 spell levels left.
You didn't know any spells.
Your spell library was empty.

Dungeon Overview and Level Annotations

Branches:
Dungeon (2/15)

Altars:
Cheibriados


Innate Abilities, Weirdness & Mutations

You have a pair of small horns on your head.
You are slightly more attuned to the shadows.


Message History

You closely miss Robin.
Robin is heavily wounded.
The goblin closely misses you. Robin hits you with a +0 dagger.
The goblin barely misses you.
You puncture Robin! You headbutt Robin.
You kill Robin!
The goblin hits you but does no damage. The goblin hits you.
You closely miss the goblin.
The goblin is moderately wounded.
The goblin hits you.
* * * LOW HITPOINT WARNING * * *
The goblin hits you.
* * * LOW HITPOINT WARNING * * *
You puncture the goblin!
You kill the goblin!
The goblin hits you.
* * * LOW HITPOINT WARNING * * *
You closely miss the goblin. The goblin closely misses you.
You miss the goblin. The goblin hits you.
You die...

.# .# #.. .# #.# .#
#.# ## .# #.# .. .#
#.##### ####.##
.####(#...######.)...#
............)..†@#
###..#._.######.g#
#...)..# #.?......
#.....## #.######.
#..#### #.. #..# ###
#..#


You could see a goblin.

Vanquished Creatures
  Robin (D:2)
  A gnoll (D:1)
  An adder (D:2)
  2 worms
  A dart slug (D:1)
  2 leopard geckos (D:1)
  A ball python (D:1)
  8 bats
  11 goblins
  6 hobgoblins
  2 jackals (D:1)
  A quokka (D:2)
  A frilled lizard (D:2)
  8 kobolds (D:1)
  5 rats
51 creatures vanquished.

Notes
Turn   | Place    | Note
-------+----------+-------------------------------------------
     0 | D:1      | Mrkan the Demonspawn Gladiator began the quest for the Orb.
     0 | D:1      | Reached XP level 1. HP: 16/16 MP: 1/1
    94 | D:1      | Reached skill level 3 in Polearms
   126 | D:1      | Gained mutation: You are slightly more attuned to the
                  | shadows. [demonic ancestry]
   126 | D:1      | Reached XP level 2. HP: 12/22 MP: 2/2
   205 | D:1      | HP: 1/22 [gnoll/+0 whip (4)]
   432 | D:1      | Gained mutation: You have a pair of small horns on your
                  | head. [demonic ancestry]
   432 | D:1      | Reached XP level 3. HP: 15/27 MP: 3/3
  1024 | D:2      | Reached skill level 4 in Polearms
  1114 | D:2      | Found a snail-covered altar of Cheibriados.
  1141 | D:2      | Reached XP level 4. HP: 28/34 MP: 4/4
  1164 | D:2      | Noticed Robin
  1174 | D:2      | Killed Robin
  1178 | D:2      | Slain by a goblin

Skill      XL: |  1  2  3 |
---------------+----------+-----
Polearms       | 3 4 |  4.2
Fighting       | |  2.4
Throwing       | |  1.7
Armour         | |  0.6
Dodging        | |  2.6
Stealth        | |  0.9

Action                   |  1- 3 |  4- 6 || total
-------------------------+-------+-------++-------
Melee: Trident           |   120 |    19 ||   139
       Headbutt          |    12 |     4 ||    16
 Stab: Sleeping          |     4 |       ||     4
       Distracted        |     1 |       ||     1
Armor: Leather armour    |    40 |     5 ||    45
Dodge: Dodged            |    99 |    12 ||   111
